 Dungeon Crawl Stone Soup version 0.29.1-15-g9cfb28693d (webtiles) character file.

Game seed: 11146097474871183409

160937 Peloso the Fencer (level 17, -5/162 HPs)
             Began as a Minotaur Fighter on Apr 3, 2023.
             Was the Champion of Okawaru.
             Blown up by an orb spider (50 damage)
             ... with an orb of destruction
             ... on level 1 of the Spider Nest on Apr 4, 2023.
             The game lasted 01:23:44 (27676 turns).

Peloso the Fencer (Minotaur Fighter)               Turns: 27676, Time: 01:23:44

Health: -5/162     AC: 25    Str: 35    XL:     17   Next: 19%
Magic:  27/27      EV: 15    Int: 14    God:    Okawaru [******]
Gold:   2529       SH:  8    Dex: 13    Spells: 16/16 levels left

rFire   + . .      SeeInvis +   a - +10 falchion of the Endless Expanse {spect, MP+9}
rCold   + . .      Faith    .   d - +0 buckler of Submission {+Blink rCorr Str+3}
rNeg    . . .      Spirit   .   j - +8 ring mail "Plog" {Slay+6}
rPois   +          Reflect  .   L - +0 hat {SInv}
rElec   +          Harm     .   p - +2 cloak {rPois}
rCorr   +          Rampage  .   u - +1 pair of gloves of Lies {Regen+ Dex+5}
Will    +++..                   O - +0 pair of boots of the Poles {Drain rElec Will+ Str+3}
Stlth   +++.......              G - amulet "Vemiekkomin" {rF+ rC+ Regen+ Str+2 Int+4}
HPRegen 1.97/turn               l - ring of flight
MPRegen 0.20/turn               S - ring "Bufyl" {rElec rPois Will+ Int+5 Dex-4}

@: flying
A: horns 2, retaliatory headbutt
a: Renounce Religion, Evoke Blink, Heroism, Finesse, Duel


You were on level 1 of the Spider Nest.
You worshipped Okawaru.
Okawaru was exalted by your worship.
You visited 7 branches of the dungeon, and saw 27 of its levels.
You also visited: Ossuary and Gauntlet.

You collected 2618 gold pieces.
You spent 89 gold pieces at shops.

Inventory:

Hand Weapons
 a - the +10 falchion of the Endless Expanse (weapon) {spect, MP+9}
   (You found it on level 8 of the Dungeon)

   When its wielder attacks, the weapon's spirit leaps out and strikes again.
   The spirit shares a part of any damage it takes with its wielder.
   MP:        It affects your magic capacity (+9).
 b - a +4 scimitar of flaming
 c - a +1 double sword of holy wrath
Armour
 d - the +0 buckler of Submission (worn) {+Blink rCorr Str+3}
   (Okawaru gifted it to you on level 13 of the Dungeon)

   Str:       It affects your strength (+3).
   +Blink:    It lets you blink.
   rCorr:     It protects you from acid and corrosion.
 j - the +8 ring mail "Plog" (worn) {Slay+6}
   (You found it on level 1 of the Elven Halls)

   Slay:      It affects your accuracy & damage with ranged weapons and melee
   (+6).
 p - a +2 cloak of poison resistance (worn)
 u - the +1 pair of gloves of Lies (worn) {Regen+ Dex+5}
   (You found it on level 4 of the Dungeon)

   Dex:       It affects your dexterity (+5).
   Regen:     It increases your rate of health regeneration.
 D - +0 swamp dragon scales
 L - a +0 hat of see invisible (worn)
 M - the +1 pair of boots "Mobuimat" {rN+ Str+3}
   (You found it in a Gauntlet)

   Str:       It affects your strength (+3).
   rN:        It protects you from negative energy.
 O - the +0 pair of boots of the Poles (worn) {Drain rElec Will+ Str+3}
   (Okawaru gifted it to you on level 11 of the Dungeon)

   Str:       It affects your strength (+3).
   rElec:     It insulates you from electricity.
   Drain:     It drains your maximum health when unequipped.
   Will:      It increases your willpower.
Jewellery
 l - a ring of flight (left hand)
 q - an amulet of the acrobat
 G - the amulet "Vemiekkomin" (around neck) {rF+ rC+ Regen+ Str+2 Int+4}
   (You found it on level 2 of the Elven Halls)

   [amulet of regeneration]

   Str:       It affects your strength (+2).
   Int:       It affects your intelligence (+4).
   rF:        It protects you from fire.
   rC:        It protects you from cold.
   Regen:     It increases your rate of health regeneration.
 I - an amulet of regeneration
 J - a ring of ice
 P - a ring of see invisible
 S - the ring "Bufyl" (right hand) {rElec rPois Will+ Int+5 Dex-4}
   (You found it on level 5 of the Lair of Beasts)

   [ring of poison resistance]

   Int:       It affects your intelligence (+5).
   Dex:       It affects your dexterity (-4).
   rElec:     It insulates you from electricity.
   rPois:     It protects you from poison.
   Will:      It increases your willpower.
 Y - a ring of protection from fire
Wands
 t - a wand of mindburst (30)
 F - a wand of roots (12)
 H - a wand of acid (6)
 N - a wand of flame (21)
Scrolls
 e - 3 scrolls of summoning
 i - 5 scrolls of fear
 k - 7 scrolls of noise
 m - 10 scrolls of identify
 n - 4 scrolls of poison
 o - 4 scrolls of butterflies
 r - 16 scrolls of teleportation
 v - 6 scrolls of immolation
 x - a scroll of silence {unknown}
 y - 3 scrolls of brand weapon
 A - 4 scrolls of magic mapping
 E - 4 scrolls of amnesia
 Q - a scroll of enchant weapon
Potions
 f - 12 potions of brilliance
 g - 10 potions of curing
 h - 2 potions of mutation
 s - 2 potions of invisibility
 w - 6 potions of flight
 z - 5 potions of might
 B - 4 potions of haste
 C - 2 potions of resistance
 K - 2 potions of cancellation
 R - 2 potions of berserk rage
 W - 3 potions of magic


   Skills:
 + Level 17.4 Fighting
 + Level 19.1 Long Blades
 + Level 18.9 Armour
 + Level 9.0 Dodging
 + Level 7.4 Stealth
 + Level 15.6 Shields
 + Level 3.1 Invocations
 + Level 0.5 Evocations


You had 16 spell levels left.
You didn't know any spells.
Your spell library contained the following spells:

 Spells                   Type           Power      Damage    Failure   Level
 Beastly Appendage        Tmut           0%         N/A       36%         1
 Magic Dart               Conj           0%         1d3       36%         1
 Necrotise                Necr           0%         1d4       36%         1
 Blink                    Tloc           0%         N/A       52%         2
 Searing Ray              Conj           0%         2d4       52%         2
 Wereblood                Tmut           0%         N/A       52%         2
 Dazzling Flash           Conj/Hex       0%         N/A       75%         3
 Inner Flame              Hex/Fire       0%         N/A       75%         3
 Portal Projectile        Hex/Tloc       0%         N/A       75%         3
 Spider Form              Tmut/Pois      0%         N/A       75%         3
 Vampiric Draining        Necr           0%         2d6       75%         3
 Cause Fear               Hex            0%         N/A       98%         4
 Fulminant Prism          Conj/Hex       0%         3d6       98%         4
 Iskenderun's Mystic Bla  Conj/Tloc      0%         2d3       98%         4
 Leda's Liquefaction      Hex/Erth       0%         N/A       98%         4
 Agony                    Necr           0%         N/A       100%        5
 Alistair's Intoxication  Tmut/Pois      0%         N/A       100%        5
 Borgnjor's Vile Clutch   Necr/Erth      0%         N/A       100%        5
 Freezing Cloud           Conj/Ice/Air   0%         6-21      100%        5
 Manifold Assault         Tloc           0%         N/A       100%        5
 Silence                  Hex/Air        0%         N/A       100%        5
 Conjure Ball Lightning   Conj/Air       0%         3x3d6     100%        6
 Eringya's Noxious Bog    Tmut/Pois      0%         N/A       100%        6
 Starburst                Conj/Fire      0%         6d3       100%        6
 Storm Form               Tmut/Air       0%         N/A       100%        7
 Borgnjor's Revivificati  Necr           0%         N/A       100%        8
 Discord                  Hex            0%         N/A       100%        8
 Disjunction              Tloc           0%         N/A       100%        8
 Necromutation            Tmut/Necr      0%         N/A       100%        8
 Death's Door             Necr           0%         N/A       100%        9
 Polar Vortex             Ice            0%         N/A       100%        9
 Call Canine Familiar     Summ           Unusable   N/A       N/A         3
 Simulacrum               Ice/Necr       Unusable   N/A       N/A         6

Dungeon Overview and Level Annotations

Branches:
Dungeon (15/15)            Temple (1/1) D:4            Lair (5/5) D:10
  Swamp (1/4) Lair:2       Spider (1/4) Lair:2        Slime (0/5) Lair:4
    Orc (2/2) D:11            Elf (2/3) Orc:2        Vaults (0/5) D:13
 Depths (0/4) D:15        Ossuary (visited)         Gauntlet (visited)

Altars:
Ashenzari
Cheibriados
Dithmenos
Elyvilon
Fedhas
Gozag
Hepliaklqana
Kikubaaqudgha
Makhleb
Nemelex Xobeh
Okawaru
Qazlal
Ru
Sif Muna
Trog
Uskayaw
Vehumet
Wu Jian
Xom
Yredelemnul
Zin
The Shining One
Jiyva

Shops:
D:3 :   D:6 !   D:11 *   Orc:2 [?[*   Elf:2 *

Annotations:
Lair:1 Casa
Elf:2 8 runed translucent doors, exclusion: obsidian statue, kalagan's ghost, journeyman DECj


Innate Abilities, Weirdness & Mutations

You have a pair of horns on your head.
You reflexively headbutt those who attack you in melee.


Message History

The culicivora bites you!
The culicivora draws strength from your injuries!
The orb spider weaves a glowing orb of energy.
The jumping spider leaps!
An orb of destruction comes into view.
You swap places.
A pharaoh ant comes into view.
The jumping spider leaps!
The culicivora barely misses you.
The jumping spider leaps!
The wavering orb of destruction hits you!!
* * * LOW HITPOINT WARNING * * *
The culicivora misses you.
You closely miss the culicivora. You headbutt the culicivora!
The culicivora is moderately wounded.
Your +10 falchion of the Endless Expanse {spect, MP+9} barely misses the culicivora.
The orb spider weaves a glowing orb of energy.
The orb spider pulsates with a strange energy.
An orb of destruction comes into view.
You slice the culicivora!!
The culicivora is severely wounded.
Your +10 falchion of the Endless Expanse {spect, MP+9} closely misses the culicivora.
You block the culicivora's attack.
The jumping spider pounces on you but does no damage.
The jumping spider bites you but does no damage.
The jumping spider is healed somewhat.
You slice the culicivora!!
You kill the culicivora!
Okawaru accepts your kill.
A jumping spider comes into view.
The jumping spider pounces on you.
* * * LOW HITPOINT WARNING * * *
The jumping spider bites you but does no damage.
The orb spider spins a strand of pure energy.
The jumping spider's many legs skitter faintly.
You slash the jumping spider! You headbutt the jumping spider.
You kill the jumping spider!
Okawaru accepts your kill.
You hear a faint skittering sound.
The orb of destruction hits you!!!
You die...

......s.#
........#
........#
........#
....B...#
....s.s.##
.....○§○.#
#s†@.#
#....#
#....#
#....#
#...†#
###...##
#...†..#
#.....<#
#..#..##


You could see 2 orb spiders, a pharaoh ant and 2 jumping spiders.

Vanquished Creatures
  Gastronok (Lair:3)
  The ghost of engelados the Devastator, a journeyman DgCj (D:14)
  A minotaur (Gauntlet)
  2 bunyips (Swamp:1)
  An entropy weaver (Spider:1)
  A deep elf death mage (Elf:2)
  The ghost of alexxx the Zephyrmancer, a journeyman FeSu of Gozag (D:14)
  A deep elf high priest (Elf:1)
  Fannar (D:10)
  An ice dragon (D:12)
  8 vault guards (D:13)
  15 hydras
  A jorogumo (Spider:1)
  Erolcha (D:11)
  A ghost crab (Swamp:1)
  An ogre mage (D:12)
  10 centaur warriors
  6 boulder beetles
  10 two-headed ogres
  9 dancing weapons
  3 catoblepae (Lair:5)
  An alligator (Swamp:1)
  12 death yaks
  Urug (Orc:2)
  3 orc high priests (Orc:2)
  14 deep elf knights
  Sonja (Lair:1)
  A goliath frog (Swamp:1)
  A pharaoh ant (Spider:1)
  A skeletal warrior (D:14)
  2 glowing orange brains (Gauntlet)
  7 deep elf archers
  A deep troll (shapeshifter) (D:12)
  An orange crystal statue (Gauntlet)
  A spriggan druid (Swamp:1)
  A swamp dragon (Swamp:1)
  Pikel (D:8)
  4 bog bodies
  18 deep elf pyromancers
  4 orc knights (Orc:2)
  14 deep elf zephyrmancers
  3 lindwurms (Lair:3)
  4 orc sorcerers (Orc:2)
  3 wolf spiders (Spider:1)
  11 ugly things
  4 cyclopes
  7 manticores
  A salamander (D:15)
  A moth of wrath (shapeshifter) (D:15)
  A will-o-the-wisp (Swamp:1)
  20 elephants
  7 cane toads
  An ice statue (D:15)
  3 black mambas
  A minotaur zombie (Gauntlet)
  A rime drake (shapeshifter) (D:15)
  2 rime drakes
  A demonic crawler (Spider:1)
  6 freezing wraiths
  3 komodo dragons
  2 kobold demonologists (D:11)
  2 efreet
  4 trolls
  3 meliai (D:15)
  A wolf spider simulacrum (D:15)
  3 hornets
  10 polar bears
  3 tyrant leeches (Swamp:1)
  A tarantella (Spider:1)
  14 slime creatures
  Prince Ribbit (D:8)
  12 blink frogs
  17 dream sheep
  2 jumping spiders (Spider:1)
  2 air elementals (Elf:1)
  A centaur simulacrum (D:12)
  5 culicivoras (Spider:1)
  6 wyverns
  3 spriggans (Swamp:1)
  2 wraiths
  A water elemental (Elf:1)
  A shadow (D:11)
  2 vampires
  65 yaks
  3 fire elementals
  3 steam dragons
  3 basilisks
  3 redbacks (Spider:1)
  A redback simulacrum (D:15)
  Menkaure (D:6)
  2 wargs
  6 swamp worms (Swamp:1)
  4 acid dragons
  15 water moccasins
  A swamp drake (Swamp:1)
  9 ice beasts
  15 orc warriors
  2 sky beasts
  2 black bears
  A hornet zombie (Ossuary)
  13 ogres
  22 wolves
  6 boggarts (D:14)
  19 centaurs
  2 lemures (D:8)
  A phantom (D:5)
  A kobold brigand (D:11)
  2 gnoll sergeants
  3 bullfrogs
  4 necrophages
  A water moccasin zombie (Ossuary)
  A wyvern zombie (Ossuary)
  2 earth elementals
  2 scorpions
  7 wights
  13 killer bees
  8 electric eels (D:14)
  6 howler monkeys
  4 bullfrog zombies (Ossuary)
  A centaur zombie (Ossuary)
  13 jellies
  4 hounds
  19 orc priests
  6 iguanas
  24 orc wizards
  6 hell rats (Lair:2)
  5 killer bee zombies (Ossuary)
  3 howler monkey zombies (Ossuary)
  13 mummies (Ossuary)
  10 gnolls
  10 adders
  2 white imps (D:6)
  2 worms
  5 dart slugs
  61 orcs
  12 endoplasms
  5 giant cockroaches
  4 goblins
  6 hobgoblins
  5 quokkas
  5 ball pythons
  10 bats
  A frilled lizard (D:2)
  14 kobolds
  A quokka zombie (D:7)
  5 rats
  A rat zombie (D:7)
849 creatures vanquished.

Vanquished Creatures (others)
  A bloated husk (Swamp:1)
  A boggart (D:15)
  A hell rat (Lair:2)
  46 fungi
  87 plants
  6 withered plants (Ossuary)
142 creatures vanquished.

Grand Total: 991 creatures vanquished

Notes
Turn   | Place    | Note
-------+----------+-------------------------------------------
     0 | D:1      | Peloso the Minotaur Fighter began the quest for the Orb.
     0 | D:1      | Reached XP level 1. HP: 19/19 MP: 0/0
   159 | D:1      | Found a faded altar of an unknown god.
   172 | D:1      | Reached XP level 2. HP: 27/27 MP: 1/1
  1057 | D:2      | Reached XP level 3. HP: 33/33 MP: 2/2
  1088 | D:2      | Reached skill level 3 in Long Blades
  2132 | D:3      | Reached XP level 4. HP: 40/40 MP: 3/3
  2225 | D:3      | Noticed a black bear
  2232 | D:3      | Killed a black bear
  2233 | D:3      | Reached skill level 4 in Long Blades
  2233 | D:3      | Reached XP level 5. HP: 46/46 MP: 4/4
  2239 | D:3      | Found Kukohoot's Book Emporium.
  2412 | D:3      | Reached skill level 5 in Armour
  2701 | D:3      | Found a burning altar of Makhleb.
  2701 | D:3      | Found a shimmering blue altar of Sif Muna.
  2794 | D:4      | Reached skill level 5 in Long Blades
  2794 | D:4      | Reached skill level 1 in Dodging
  2914 | D:4      | Reached XP level 6. HP: 47/53 MP: 3/5
  2945 | D:4      | Noticed an orc warrior
  3601 | D:3      | Reached skill level 6 in Long Blades
  3889 | D:3      | Reached XP level 7. HP: 32/60 MP: 3/6
  4038 | D:3      | Reached skill level 5 in Shields
  4525 | D:4      | Identified the +1 pair of gloves of Lies {Regen+ Dex+5}
  4775 | D:4      | Found a staircase to the Ecumenical Temple.
  4784 | Temple   | Entered the Ecumenical Temple
  5171 | Temple   | Became a worshipper of Warmaster Okawaru
  5274 | D:5      | Entered Level 5 of the Dungeon
  5301 | D:5      | Reached skill level 5 in Fighting
  5301 | D:5      | Reached skill level 7 in Long Blades
  5562 | D:5      | Reached XP level 8. HP: 63/69 MP: 5/7
  5615 | D:5      | Reached * piety under Okawaru
  5891 | D:5      | Reached skill level 8 in Long Blades
  6013 | D:6      | Reached skill level 9 in Long Blades
  6317 | D:6      | Noticed Menkaure
  6326 | D:6      | Killed Menkaure
  6370 | D:6      | Found Punk's Distillery.
  6374 | D:6      | Bought a potion of degeneration for 14 gold pieces
  6390 | D:6      | Reached ** piety under Okawaru
  6391 | D:6      | Reached XP level 9. HP: 58/78 MP: 5/8
  6551 | D:6      | Reached skill level 10 in Long Blades
  6891 | D:7      | Noticed a two-headed ogre
  6901 | D:7      | Killed a two-headed ogre
  7039 | D:7      | Reached *** piety under Okawaru
  7095 | D:7      | Reached skill level 11 in Long Blades
  7352 | D:7      | Found a sand-covered staircase.
  7360 | Ossuary  | Entered an ossuary
  7432 | Ossuary  | Reached XP level 10. HP: 86/86 MP: 9/9
  8334 | D:8      | Reached **** piety under Okawaru
  8396 | D:8      | Noticed Pikel
  8418 | D:8      | Killed Pikel
  8419 | D:8      | Reached skill level 12 in Long Blades
  8508 | D:8      | Noticed a two-headed ogre
  8516 | D:8      | Killed a two-headed ogre
  8517 | D:8      | Reached skill level 10 in Armour
  8776 | D:8      | Noticed Prince Ribbit
  8795 | D:8      | Killed Prince Ribbit
  9047 | D:8      | Identified the +10 falchion of the Endless Expanse {spect,
                  | MP+9}
  9278 | D:9      | Noticed a cyclops
  9290 | D:9      | Killed a cyclops
  9290 | D:9      | Reached ***** piety under Okawaru
  9291 | D:9      | Reached skill level 13 in Long Blades
  9456 | D:9      | Received a gift from Okawaru
  9700 | D:9      | Reached XP level 11. HP: 94/95 MP: 10/10
  9827 | D:10     | Entered Level 10 of the Dungeon
  9838 | D:10     | Noticed a two-headed ogre
  9862 | D:10     | Killed a two-headed ogre
  9876 | D:10     | Identified the +10 spear of Slow Death {flame, rF- Str+4}
  9986 | D:10     | Found a staircase to the Lair.
  9993 | D:10     | Noticed a two-headed ogre
 10001 | D:10     | Killed a two-headed ogre
 10002 | D:10     | Reached skill level 14 in Long Blades
 10015 | D:10     | Noticed Fannar
 10025 | D:10     | Killed Fannar
 10115 | D:10     | Noticed a two-headed ogre
 10121 | D:10     | Killed a two-headed ogre
 10589 | D:11     | Found a gate leading to a gauntlet.
 10596 | D:11     | Reached skill level 10 in Fighting
 10609 | Gauntlet | Entered a Gauntlet
 10609 | Gauntlet | Noticed a purple ugly thing
 10609 | Gauntlet | Noticed a red ugly thing
 10609 | Gauntlet | Noticed a glowing orange brain
 10609 | Gauntlet | Noticed a glowing orange brain
 10609 | Gauntlet | Found a transporter.
 10609 | Gauntlet | Found a transporter.
 10609 | Gauntlet | Found a transporter.
 10619 | Gauntlet | Noticed a fire crab
 10625 | Gauntlet | Found a transporter.
 10633 | Gauntlet | Found a transporter.
 10640 | Gauntlet | Found a transporter.
 10646 | Gauntlet | Found a transporter.
 10648 | Gauntlet | Found a transporter.
 10718 | Gauntlet | Found a transporter.
 10768 | Gauntlet | Found a transporter.
 10793 | Gauntlet | Found a transporter.
 10807 | Gauntlet | Noticed an orange crystal statue
 10808 | Gauntlet | Found a transporter.
 10856 | Gauntlet | Noticed a soul eater
 10862 | Gauntlet | Killed a purple ugly thing
 10862 | Gauntlet | Identified the +1 double sword of Severance {venom, *Noise
                  | rN+ Str+3 SInv Stlth+} (Okawaru gifted it to you in a
                  | Gauntlet)
 10862 | Gauntlet | Received a gift from Okawaru
 10863 | Gauntlet | Reached skill level 1 in Invocations
 10868 | Gauntlet | Killed a purple ugly thing
 10869 | Gauntlet | Reached skill level 1 in Stealth
 10875 | Gauntlet | Killed a glowing orange brain
 10876 | Gauntlet | Reached skill level 15 in Long Blades
 10880 | Gauntlet | Killed a glowing orange brain
 10957 | Gauntlet | Killed an orange crystal statue
 10958 | Gauntlet | Reached XP level 12. HP: 107/107 MP: 11/11
 10961 | Gauntlet | Identified the +1 pair of boots "Mobuimat" {rN+ Str+3}
 10993 | Gauntlet | Noticed a minotaur
 11001 | Gauntlet | Killed a minotaur
 11106 | D:11     | Found Kumpeso's General Store.
 11124 | D:11     | Identified the +0 pair of boots of the Poles {Drain rElec
                  | Will+ Str+3} (Okawaru gifted it to you on level 11 of the
                  | Dungeon)
 11124 | D:11     | Received a gift from Okawaru
 11298 | D:11     | Found a staircase to the Orcish Mines.
 11371 | D:11     | Noticed a boulder beetle
 11381 | D:11     | Killed a boulder beetle
 11389 | D:11     | Noticed Erolcha
 11396 | D:11     | Killed Erolcha
 12074 | D:12     | Reached skill level 5 in Dodging
 12270 | D:12     | Noticed a centaur warrior
 12279 | D:12     | Killed a centaur warrior
 12651 | D:12     | Noticed a centaur warrior
 12653 | D:12     | Noticed a five-headed hydra
 12653 | D:12     | Noticed a centaur warrior
 12657 | D:12     | Killed a centaur warrior
 12700 | D:12     | Killed a centaur warrior
 12707 | D:12     | Killed a five-headed hydra
 12776 | D:12     | Noticed an ice dragon
 12799 | D:12     | Killed an ice dragon
 12808 | D:12     | Noticed a boulder beetle
 12831 | D:12     | Killed a boulder beetle
 12840 | D:12     | Noticed an ogre mage
 12848 | D:12     | Killed an ogre mage
 12848 | D:12     | Reached ****** piety under Okawaru
 12878 | D:12     | Reached XP level 13. HP: 67/118 MP: 14/14
 13166 | Lair:1   | Entered Level 1 of the Lair of Beasts
 13211 | Lair:1   | Reached skill level 16 in Long Blades
 13218 | Lair:1   | Identified the +2 hat of Heras {-Tele rN+ Int+7} (Okawaru
                  | gifted it to you on level 1 of the Lair of Beasts)
 13218 | Lair:1   | Received a gift from Okawaru
 13317 | Lair:1   | Noticed Sonja
 13336 | Lair:1   | Killed Sonja
 13525 | Lair:1   | Reached skill level 10 in Shields
 14262 | Lair:2   | Found a staircase to the Swamp.
 14398 | Lair:2   | Found a hole to the Spider Nest.
 14648 | Lair:2   | Identified the +8 great sword of Plunder {venom, rPois rF+
                  | rC- Dex+2} (Okawaru gifted it to you on level 2 of the Lair
                  | of Beasts)
 14648 | Lair:2   | Received a gift from Okawaru
 15209 | Lair:3   | Reached skill level 15 in Armour
 15234 | Lair:3   | You are sucked into a shaft and drop 2 floors!
 15234 | Lair:5   | Entered Level 5 of the Lair of Beasts
 15299 | Lair:4   | Reached XP level 14. HP: 120/130 MP: 15/15
 15401 | Lair:4   | Received a gift from Okawaru
 15411 | Lair:4   | Found a staircase to the Slime Pits.
 15412 | Lair:4   | Found a viscous altar of Jiyva.
 15590 | Lair:3   | Identified the +5 plate armour of Cimpawij {rPois rF- Int-5
                  | Dex+6} (Okawaru gifted it to you on level 3 of the Lair of
                  | Beasts)
 15590 | Lair:3   | Received a gift from Okawaru
 15786 | Lair:3   | Noticed Gastronok
 15798 | Lair:3   | Killed Gastronok
 16450 | Lair:4   | Reached skill level 17 in Long Blades
 17032 | Orc:1    | Entered Level 1 of the Orcish Mines
 17155 | Orc:1    | You are sucked into a shaft and drop 1 floor!
 17155 | Orc:2    | Entered Level 2 of the Orcish Mines
 17159 | Orc:2    | Found a staircase to the Elven Halls.
 17249 | Orc:2    | Noticed Urug
 17260 | Orc:2    | Killed Urug
 17260 | Orc:2    | Identified the +2 scale mail "Cefidukh" {Str+5} (Okawaru
                  | gifted it to you on level 2 of the Orcish Mines)
 17260 | Orc:2    | Received a gift from Okawaru
 17359 | Orc:2    | Paralysed by an orc sorcerer for 3 turns
 17916 | Orc:2    | Paralysed by an orc sorcerer for 4 turns
 17925 | Orc:2    | Reached skill level 5 in Stealth
 18022 | Orc:2    | Found Hadyadix's Magic Scroll Shoppe.
 18022 | Orc:2    | Found Voga's Antique Armour Shop.
 18031 | Orc:2    | Found Ysuxu's Armour Shop.
 18031 | Orc:2    | Found Ishiprum's Assorted Antiques.
 18045 | Orc:2    | Bought a scroll of magic mapping for 75 gold pieces
 18565 | Lair:5   | Reached skill level 15 in Fighting
 18578 | Lair:5   | Reached XP level 15. HP: 96/141 MP: 16/16
 19035 | Lair:5   | Received a gift from Okawaru
 19292 | Lair:5   | Identified the ring "Bufyl" {rElec rPois Will+ Int+5 Dex-4}
 19893 | D:13     | Identified the +0 buckler of Submission {+Blink rCorr
                  | Str+3} (Okawaru gifted it to you on level 13 of the
                  | Dungeon)
 19893 | D:13     | Received a gift from Okawaru
 20031 | D:13     | Found a gate to the Vaults.
 20091 | D:13     | Reached skill level 18 in Long Blades
 20981 | D:14     | Noticed engelados's ghost (journeyman DgCj)
 20982 | D:14     | Found a runed translucent door.
 21500 | D:15     | Entered Level 15 of the Dungeon
 21511 | D:15     | HP: 6/144 [centaur warrior/arrow (9)]
 21836 | D:15     | Received a gift from Okawaru
 21938 | D:15     | Found a runed translucent gate.
 21939 | D:15     | Found a runed translucent gate.
 21940 | D:15     | Found a runed translucent gate.
 21941 | D:15     | Noticed alexxx's ghost (journeyman FeSu)
 22425 | D:15     | Found a staircase to the Depths.
 22431 | D:15     | Reached XP level 16. HP: 130/151 MP: 17/17
 22704 | D:14     | Killed engelados's ghost
 22962 | D:14     | Killed alexxx's ghost
 23129 | D:15     | Identified the +3 helmet "Ythy" {*Corrode rC+ rN+ Will+}
 23829 | Elf:1    | Entered Level 1 of the Elven Halls
 24547 | Elf:1    | Paralysed by an air elemental for 1 turns
 24564 | Elf:1    | Identified the +6 ring mail of the World {rElec} (Okawaru
                  | gifted it to you on level 1 of the Elven Halls)
 24564 | Elf:1    | Received a gift from Okawaru
 24635 | Elf:1    | Identified the +8 ring mail "Plog" {Slay+6}
 25051 | Lair:1   | You are sucked into a shaft and drop 1 floor!
 25684 | Elf:1    | Found a radiant altar of Vehumet.
 25721 | Elf:2    | Reached skill level 15 in Shields
 25935 | Elf:2    | Found an ancient bone altar of Kikubaaqudgha.
 25953 | Elf:2    | Identified the amulet "Vemiekkomin" {rF+ rC+ Regen+ Str+2
                  | Int+4}
 26091 | Elf:2    | Found a runed translucent gate.
 26091 | Elf:2    | Found a runed translucent gate.
 26091 | Elf:2    | Found a runed translucent gate.
 26094 | Elf:2    | Found an opulent altar of Gozag.
 26094 | Elf:2    | Found Ysacov's Assorted Antiques.
 26097 | Elf:2    | Noticed kalagan's ghost (journeyman DECj)
 26222 | Elf:2    | Found a huge runed translucent gate.
 26224 | Elf:2    | Found a huge runed translucent gate.
 26228 | Elf:2    | Found a huge runed translucent gate.
 26229 | Elf:2    | Found a huge runed translucent gate.
 26229 | Elf:2    | Found a huge runed translucent gate.
 26690 | Swamp:1  | Entered Level 1 of the Swamp
 26751 | Swamp:1  | Got Advanced Spellweaving
 26971 | Swamp:1  | Received a gift from Okawaru
 26992 | Swamp:1  | Reached XP level 17. HP: 54/161 MP: 18/18
 27115 | Swamp:1  | Reached skill level 19 in Long Blades
 27559 | Spider:1 | Entered Level 1 of the Spider Nest
 27676 | Spider:1 | Blown up by an orb spider

Illustrated notes

Levels and vault maps discovered:
D:1:      co_arrival_square_in_a_square_in_a_square, layout_loops_ring,
          hellmonk_ecumenical_altar_arch_garden, minmay_hedge_maze
D:2:      layout_basic, nicolae_hexahallways
D:3:      layout_basic, gammafunk_temple_overflow_wave, serial_shops, shop,
          dreamdust_mushroom_princess
D:4:      minmay_clustersquares, layout_cave_pools,
          minmay_temple_entry_antechambers
D:5:      layout_basic
D:6:      layout_basic, serial_shops, nicolae_shop_stone, minmay_starry_boxes,
          uniq_menkaure
D:7:      layout_basic, enter_ossuary_4
D:8:      layout_basic, grunt_decor_one_mirror, grunt_ministairs_7,
          uniq_prince_ribbit1, uniq_pikel
D:9:      layout_roguey
D:10:     layout_cave_pools, lair_entry_dummy, hangedman_glass_teeth,
          uniq_fannar
D:11:     layout_stronghold, erik_orc_3, gauntlet_entry_generic, serial_shops,
          kennysheep_mini_moat, uniq_erolcha
D:12:     minmay_stepped, layout_loops_ring
D:13:     layout_stronghold, erik_vaults_2
D:14:     layout_gridville, infiniplex_staircase_zigzag_2, serial_bayou,
          serial_bayou_lake_a, serial_bayou_shore_a, serial_bayou_pond_e,
          serial_bayou_shore_b, hellmonk_ghost_happy_afterlife
D:15:     hangedman_depths_entry_try_elsewhere_first, layout_gridville,
          gammafunk_ghost_tricky_traps, solitary_fountain,
          statue_in_the_mist_lemuel, ice2_lemuel
Temple:   mainiacjoe_temple_big_plus
Lair:1:   beast_lair_carwin_large_3, layout_gridlike, cheibrodos_lair_lostbears,
          serial_bayou_shore_b, lemuel_fruit_fields, uniq_sonja
Lair:2:   layout_loops_ring, skrybe_swamp_entry_bodies, dummy_spider_entry
Lair:3:   layout_hall_layers, nicolae_lair_lindhole, uniq_gastronok
Lair:4:   layout_long_grid, minmay_slime_entry_jelly_boxes,
          hangedman_lair_unloving_vines, lemuel_fruit_tree
Lair:5:   evilmike_catoblepas_cave, layout_loops_ring, patterned_corridor,
          infiniplex_staircase_pool_2
Swamp:1:  layout_basic_swamp, evilmike_swamp_ruin_house_2, swamp_pool1,
          nicolae_swamp_very_dense_foliage
Spider:1: nicolae_spider_jumping_over_cracks [nicolae_spider_jumping_sub_stairs,
          nicolae_spider_jumping_sub_notch, nicolae_spider_jumping_sub_plain,
          nicolae_spider_jumping_sub_rim], uniq_rupert
Orc:1:    layout_caves
Orc:2:    grunt_orc_tribal_feast, layout_caves, uniq_urug
Elf:1:    elf_arrival_002, layout_geoelf_octagon, hangedman_corner_corridor,
          lemuel_upstairs_altar
Elf:2:    elven_hall_of_blades_hangedman_alternative
          [nicolae_vaults_blade_armed_guards], layout_geoelf_grid,
          ebering_ghost_gozag, lemuel_statue_altar,
          chequers_hall_statues_corner_a, uniq_agnes

Skill      XL: |  1  2  3  4  5  6  7  8  9 10 11 12 13 14 15 16 17 |
---------------+----------------------------------------------------+-----
Shields        | 4 5 6 7 8 9 11 12 14 15 | 15.6
Armour         | 4 5 6 7 9 11 12 13 15 16 17 18 | 18.9
Fighting       | 4 5 6 7 8 10 12 13 15 16 17 | 17.4
Long Blades    | 3 4 5 6 7 9 11 13 15 16 17 18 19 | 19.1
Dodging        | 1 2 3 4 5 6 7 8 9 |  9.0
Invocations    | 1 2 3 |  3.1
Stealth        | 1 2 3 5 6 7 |  7.4
Evocations     | |  0.5

Action                   |  1- 3 |  4- 6 |  7- 9 | 10-12 | 13-15 | 16-18 || total
-------------------------+-------+-------+-------+-------+-------+-------++-------
Melee: Long sword        |    87 |   136 |   235 |       |       |       ||   458
       Headbutt          |    13 |    18 |    62 |   119 |   329 |   138 ||   679
       Scimitar          |       |       |    83 |   134 |    39 |    23 ||   279
       Falchion          |       |       |       |   323 |  1017 |   430 ||  1770
       Spear             |       |       |       |     5 |       |       ||     5
Invok: Heroism           |       |       |     2 |     7 |     4 |     4 ||    17
       Finesse           |       |       |       |     1 |       |       ||     1
Evoke: Wand              |       |       |       |       |       |     3 ||     3
  Use: Scroll            |     6 |     1 |     8 |    10 |     7 |     1 ||    33
       Potion            |       |       |     1 |       |     6 |     2 ||     9
 Stab: Distracted        |       |       |       |     4 |    31 |    11 ||    46
       Petrifying        |       |       |       |       |     1 |       ||     1
       Sleeping          |       |       |       |       |       |     3 ||     3
Armor: Scale mail        |    49 |    18 |       |       |       |       ||    67
       Chain mail        |       |    68 |   146 |   167 |   406 |       ||   787
       Plate armour      |       |       |       |       |   123 |   105 ||   228
       Ring mail         |       |       |       |       |       |   131 ||   131
Dodge: Dodged            |    56 |    51 |    89 |   196 |   561 |   194 ||  1147
Block: Buckler           |    23 |    49 |    73 |   107 |   403 |   130 ||   785
